 Dungeon Crawl Stone Soup version 0.26-b1-57-gb162d0664a (webtiles) character file.

Game seed: 78936308570707020

46 Goreval the Insei (level 3, 2/23 HPs)
             Began as an Octopode Transmuter on Jan 8, 2021.
             Was a Plaything of Xom.
             Quit the game on level 2 of the Dungeon.
             The game lasted 00:04:36 (1065 turns).

Goreval the Insei (Octopode Transmuter)             Turns: 1065, Time: 00:04:37

Health: 2/23       AC:  1    Str:  9    XL:     3   Next: 68%
Magic:  6/6        EV: 13    Int: 16    God:    Xom [..*...]
Gold:   66         SH:  0    Dex: 12    Spells: 0/6 levels left

rFire    . . .     SeeInvis .     - Unarmed
rCold    . . .     Faith    .   (no shield)
rNeg     . . .     Spirit   .   (helmet restricted)
rPois    .         Reflect  .   (no amulet)
rElec    .         Harm     .   (no ring)
rCorr    .         Rampage  .   (no ring)
Will     .....                  (no ring)
Stlth    ++........             (no ring)
HPRegen  0.07/turn              (no ring)
MPRegen  0.10/turn              (no ring)
                                (no ring)
                                (no ring)

@: no status effects
A: almost no armour, stealthy swim, amphibious, 8 rings, constrict 8, camouflage
1, gelatinous body 1
a: Renounce Religion


You were on level 2 of the Dungeon.
You worshipped Xom.
You were a toy of Xom.
You visited 1 branch of the dungeon, and saw 2 of its levels.

You collected 66 gold pieces.

Inventory:

Missiles
 a - 25 stones
Jewellery
 c - an uncursed ring of fire
Scrolls
 f - 2 scrolls of teleportation {unknown}
Potions
 b - a potion of cancellation {unknown}
 d - a potion of might {unknown}
 e - a potion of berserk rage {unknown}


   Skills:
 + Level 1.5 Fighting
 - Level 2.0 Dodging
 * Level 3.4 Unarmed Combat
 + Level 2.2 Spellcasting
 * Level 2.7 Transmutations
 * Level 0.9 Poison Magic


You couldn't memorise any spells.
You knew the following spells:

 Your Spells              Type           Power        Failure   Level
a - Beastly Appendage     Tmut           20%          7%          1
b - Wereblood             Tmut           10%          10%         2
c - Spider Form           Tmut/Pois      3%           28%         3

Your spell library contained the following spells:

 Spells                   Type           Power        Failure   Level
 Ice Form                 Ice/Tmut       6%           75%         4
 Blade Hands              Tmut           5%           88%         5


Dungeon Overview and Level Annotations

Branches:
Dungeon (2/15)

Altars:
Xom


Innate Abilities, Weirdness & Mutations

You cannot wear most types of armour.
You are very stealthy in the water. (Stealth+)
You are amphibious.
You can wear up to eight rings at the same time.
You can use your tentacles to constrict eight enemies at once.
Your skin changes colour to match your surroundings (Stealth+).
Your rubbery body absorbs attacks. (AC +1, EV +1)


Message History

* * * LOW HITPOINT WARNING * * *
The jackal completely misses you. The jackal closely misses you.
Unknown command.
The jackal closely misses you.
You closely miss the jackal. Your grab misses the jackal.
You feel sick. The jackal misses you.
You tentacle-slap the jackal. You grab the jackal. You constrict the jackal.
The jackal bites you.
* * * LOW HITPOINT WARNING * * *
The jackal closely misses you.
You tentacle-slap the jackal.
You kill the jackal!
You see here 21 arrows.
You feel sick.
You start resting.
You feel sick.
You are no longer poisoned.
Unknown command.
Unknown command.
Okay, then.

....##....#$.......
..<.##.......#.!...# .#
###.##...)♣..#..#..#..# #
#..†...♣_♣....#..#..#
....##....♣.....#...$.#
######.......#.....#..###
#.........>........
#..............#.#
###+###.#..@.....#
#.###.#.(...#..####
#..........<.......
#######........###.
#..#.##(.# .....#.# #.#
.##..... ... # #..#.##
### ##.#.#


There were no monsters in sight!

Vanquished Creatures
  An adder (D:2)
  2 dart slugs (D:1)
  A leopard gecko (D:2)
  A bat (D:1)
  3 giant cockroaches
  3 hobgoblins
  6 jackals
  2 kobolds
  2 ball pythons (D:2)
  5 goblins
  3 rats
29 creatures vanquished.

Notes
Turn   | Place    | Note
-------+----------+-------------------------------------------
     0 | D:1      | Goreval the Octopode Transmuter began the quest for the
                  | Orb.
     0 | D:1      | Reached XP level 1. HP: 13/13 MP: 3/3
   314 | D:1      | Reached XP level 2. HP: 15/18 MP: 3/5
   317 | D:1      | Learned a level 2 spell: Wereblood
   872 | D:1      | Reached XP level 3. HP: 18/23 MP: 4/6
   928 | D:2      | Learned a level 3 spell: Spider Form
   997 | D:2      | Found a faded altar of an unknown god.
  1036 | D:2      | Became a worshipper of Xom of Chaos
  1044 | D:2      | XOM: silly message
  1065 | D:2      | Quit the game

Illustrated notes

Levels and vault maps discovered:
D:1:      minmay_arrival_doors, layout_loops_cross, st_stairs_4, glass_columns_b
D:2:      layout_basic, chequers_ecumenical_altar_simple

Action                   || total
-------------------------++-------
Melee: Unarmed           ||    69
       Constrict         ||    21
       Tentacles         ||    10
       Kick              ||     9
       Punch             ||     2
 Cast: Beastly Appendage ||     9
 Stab: Sleeping          ||     2
Armor: Skin              ||     3
Dodge: Dodged            ||    64
